 Dungeon Crawl Stone Soup version 0.29.1 (webtiles) character file.

Game seed: 15026400015550467044

7186 SigmundSlayer the Prestidigitator (level 11, 0/100 HPs)
             Began as a Naga Artificer on Sept 12, 2022.
             Was an Initiate of Gozag.
             Slain by a two-headed ogre
             ... wielding a +0 giant club
              (10 damage)
             ... on level 9 of the Dungeon.
             The game lasted 00:20:10 (14381 turns).

SigmundSlayer the Prestidigitator (Naga Artificer) Turns: 14381, Time: 00:20:12

Health: 0/100      AC: 17    Str: 18    XL:     11   Next: 11%
Magic:  11/11      EV: 13    Int: 17    God:    Gozag
Gold:   445        SH: 13    Dex: 12    Spells: 10/10 levels left

rFire   . . .      SeeInvis +   q - +0 trident (flame)
rCold   + . .      Faith    .   B - +4 buckler "Imusiudao" {Int+2}
rNeg    . . .      Spirit   .   w - +4 scale mail {rC+}
rPois   +          Reflect  +   A - +1 helmet {Int+3}
rElec   .          Harm     .   m - +0 cloak
rCorr   .          Rampage  .   s - +0 pair of gloves
Will    +....                   (no barding)
Stlth   ..........              n - amulet of reflection
HPRegen 0.26/turn               k - +4 ring of evasion
MPRegen 0.12/turn               (no ring)

@: very slow
A: AC +3, large, see invisible, deformed body, poison resistance, slowness 2,
spit poison 1, naga tail 1, screaming 1, wild magic 1, no potion heal 1
a: Spit Poison, Renounce Religion, Potion Petition, Call Merchant, Bribe Branch


You were on level 9 of the Dungeon.
You worshipped Gozag.
Gozag was aware of your devotion.
You visited 2 branches of the dungeon, and saw 10 of its levels.

You collected 1470 gold pieces.
You spent 933 gold pieces at shops.
You paid 92 gold pieces to Gozag.

Inventory:

Hand Weapons
 q - a +0 trident of flaming (weapon)
 C - a +1 scimitar of flaming
Missiles
 f - a throwing net
Armour
 m - a +0 cloak (worn)
 s - a +0 pair of gloves (worn)
 w - a +4 scale mail of cold resistance (worn)
 A - a +1 helmet of intelligence (worn)
 B - the +4 buckler "Imusiudao" (worn) {Int+2}
   (You bought it in a shop on level 1 of the Dungeon)

   Int:       It affects your intelligence (+2).
Magical Staves
 j - a staff of conjuration
Jewellery
 k - a +4 ring of evasion (left hand)
 n - an amulet of reflection (around neck)
Wands
 d - a wand of charming (8)
 y - a wand of digging (6)
Scrolls
 c - 2 scrolls of butterflies
 l - 3 scrolls of magic mapping
 p - 2 scrolls of teleportation
 z - a scroll of identify
Potions
 b - 3 potions of resistance
 g - 3 potions of curing
 h - 2 potions of invisibility
 r - 2 potions of flight
 t - 3 potions of lignification
 u - 2 potions of brilliance
 v - 2 potions of ambrosia
 D - a potion of magic


   Skills:
 + Level 7.5 Fighting
 + Level 6.5 Polearms
 + Level 6.5 Armour
 + Level 6.2 Dodging
 - Level 1.5 Stealth
 + Level 3.1 Shields
 + Level 8.1 Evocations


You had 10 spell levels left.
You didn't know any spells.
Your spell library contained the following spells:

 Spells                   Type           Power      Damage    Failure   Level
 Magic Dart               Conj           0%         1d3       71%         1
 Call Imp                 Summ           0%         N/A       83%         2
 Ensorcelled Hibernation  Hex/Ice        0%         N/A       83%         2
 Mephitic Cloud           Conj/Pois/Air  0%         N/A       96%         3
 Ozocubu's Armour         Ice            0%         N/A       96%         3
 Spider Form              Tmut/Pois      0%         N/A       96%         3
 Anguish                  Hex/Necr       0%         N/A       100%        4
 Petrify                  Tmut/Erth      0%         N/A       100%        4
 Metabolic Englaciation   Hex/Ice        0%         N/A       100%        5
 Statue Form              Tmut/Erth      0%         N/A       100%        6
 Simulacrum               Ice/Necr       Unusable   N/A       N/A         6

Dungeon Overview and Level Annotations

Branches:
Dungeon (9/15)             Temple (1/1) D:4
   Lair: D:8-11         Orc: D:9-12

Altars:
Ashenzari
Cheibriados
Dithmenos
Elyvilon
Fedhas
Gozag
Hepliaklqana
Kikubaaqudgha
Makhleb
Nemelex Xobeh
Okawaru
Qazlal
Ru
Sif Muna
Trog
Uskayaw
Vehumet
Wu Jian
Xom
Yredelemnul
Zin
The Shining One

Shops:
D:1 [

Annotations:
D:5 1 runed translucent door, Persephone's ghost, amateur HOFi
D:8 3 runed translucent doors, NotreDorf's ghost, novice MfGl; SnakkuSnakku7's ghost, novice DjHu
D:9 2 runed translucent doors


Innate Abilities, Weirdness & Mutations

Your serpentine skin is tough. (AC +3)
You have supernaturally acute eyesight. (SInv)
Armour fits poorly on your strangely shaped body.
Your system is resistant to poisons. (rPois)
You cover ground very slowly.
You can spit poison.
You have a snake-like lower body.
You occasionally shout uncontrollably at your foes.
Your spells are a little harder to cast, but a little more powerful.
Potions are less effective at restoring your health.


Message History

The two-headed ogre is distracted by your dazzling golden aura.
The two-headed ogre shouts in stereo!
You hit the kobold. You burn the kobold.
The kobold is severely wounded.
You block the kobold's attack. x2
You barely miss the kobold.
The kobold is severely wounded.
You block the kobold's attack.
You hit the kobold. You burn the kobold.
You kill the kobold!
The two-headed ogre is no longer distracted by gold.
The two-headed ogre is distracted by your dazzling golden aura.
Aiming: Spit Poison (1% risk of failure)
Press: ? - help, Shift-Dir - straight line, f - two-headed ogre
Aim: a two-headed ogre, wielding two +0 giant clubs (unaware, hasn't noticed you, 83% to hit)
The splash of poison hits the two-headed ogre.
The two-headed ogre is poisoned.
The two-headed ogre is lightly wounded.
The two-headed ogre is no longer distracted by gold.
You puncture the two-headed ogre! You burn the two-headed ogre.
The two-headed ogre is moderately wounded.
The two-headed ogre hits you with a +0 giant club!!
* * * LOW HITPOINT WARNING * * *
The two-headed ogre hits you with a +0 giant club!
* * * LOW HITPOINT WARNING * * *
You barely miss the two-headed ogre.
The two-headed ogre is moderately wounded.
Unknown command.
Your system partially rejects the healing.
You feel better.
You have got your breath back.
The two-headed ogre barely misses you. x2
Unknown command.
You hit the two-headed ogre but do no damage.
The two-headed ogre is moderately wounded.
The two-headed ogre hits you with a +0 giant club!
* * * LOW HITPOINT WARNING * * *
The two-headed ogre hits you with a +0 giant club!
You die...
Your body crumbles into a pile of gold.

....#...........### #.
....#######...### #.
....#...#...### #### #.
....#.....### #..### #.
...[#..#### #.##.### #. ...))..#
..# #......### #. ...)#).# #..#
###.######.####.
....##.######..##O.#..........##.
.......##..## #.@###.######.##.#.
.......##)#.#####$$#......####.#.
.......##.#.#..####..##.####..##.
....<..##.#.#.#.####..####....##.
.......##)#.#)#.#..#####....#.##.
######.##.#.#.##.##.##....#...##.
..#....##.#.#.######....#.).#.##.
..#....##.##.####..###..).#...##.
..#....##.#####..#..####....#.##.


You could see a two-headed ogre (poisoned).

Vanquished Creatures
  Erica (D:9)
  A two-headed ogre (D:9)
  Maurice (D:8)
  A kobold demonologist (D:9)
  2 trolls (D:9)
  6 yaks
  2 wyverns (D:9)
  Grum (D:9)
  A water moccasin (D:6)
  A black bear (D:7)
  5 orc warriors
  A sky beast (D:7)
  An ogre (D:5)
  3 wolves (D:9)
  3 centaurs (D:9)
  2 kobold brigands
  A gnoll sergeant (D:9)
  2 necrophages
  20 wights
  A killer bee (D:9)
  4 howler monkeys
  2 jellies
  6 orc priests
  4 hounds
  3 iguanas
  4 orc wizards
  7 gnolls
  9 adders
  2 shadow imps
  An ufetubus (D:4)
  3 worms
  5 dart slugs
  24 orcs
  7 ball pythons
  5 bats
  7 endoplasms
  2 giant cockroaches (D:3)
  9 goblins
  9 hobgoblins
  10 jackals
  5 quokkas
  4 frilled lizards
  10 kobolds
  6 rats
204 creatures vanquished.

Vanquished Creatures (collateral kills)
  A jelly (D:6)
  2 orcs
3 creatures vanquished.

Vanquished Creatures (others)
  An orc priest (D:8)
1 creature vanquished.

Grand Total: 208 creatures vanquished

Notes
Turn   | Place    | Note
-------+----------+-------------------------------------------
     0 | D:1      | SigmundSlayer the Naga Artificer began the quest for the
                  | Orb.
     0 | D:1      | Reached XP level 1. HP: 18/18 MP: 1/1
   172 | D:1      | Reached skill level 1 in Dodging
   180 | D:1      | Reached XP level 2. HP: 12/25 MP: 2/2
   479 | D:1      | Found Ifizxiy's Armour Shoppe.
  1383 | D:1      | Reached XP level 3. HP: 30/31 MP: 3/3
  2374 | D:2      | Found a faded altar of an unknown god.
  2417 | D:2      | Reached XP level 4. HP: 39/39 MP: 4/4
  3209 | D:3      | Reached XP level 5. HP: 38/45 MP: 5/5
  4390 | D:4      | Reached skill level 4 in Evocations
  4410 | D:4      | Found a staircase to the Ecumenical Temple.
  4448 | D:4      | Gained mutation: You occasionally shout uncontrollably at
                  | your foes. [potion of mutation]
  4448 | D:4      | Gained mutation: Potions are less effective at restoring
                  | your health. [potion of mutation]
  4448 | D:4      | Gained mutation: Your spells are a little harder to cast,
                  | but a little more powerful. [potion of mutation]
  4457 | Temple   | Entered the Ecumenical Temple
  4606 | Temple   | Became a worshipper of Gozag Ym Sagoz the Greedy
  4709 | D:4      | Reached XP level 6. HP: 29/53 MP: 6/6
  4947 | D:4      | Reached XP level 7. HP: 35/62 MP: 7/7
  5615 | D:5      | Entered Level 5 of the Dungeon
  5738 | D:5      | Reached skill level 1 in Polearms
  5889 | D:5      | Found a broken altar of Ashenzari.
  5897 | D:5      | Found a bloodstained altar of Trog.
  5897 | D:5      | Found a snail-covered altar of Cheibriados.
  5897 | D:5      | Found a blossoming altar of Fedhas.
  5906 | D:5      | Found an iron altar of Okawaru.
  5911 | D:5      | Found an ornate altar of the Wu Jian Council.
  6237 | D:1      | Bought a +4 scale mail of cold resistance for 434 gold
                  | pieces
  6339 | D:5      | Reached skill level 5 in Evocations
  6457 | D:5      | Found a runed translucent door.
  6458 | D:5      | Noticed Persephone's ghost (amateur HOFi)
  6476 | D:5      | Found a glowing silver altar of Zin.
  6987 | D:6      | Reached XP level 8. HP: 18/72 MP: 8/8
  8570 | D:8      | Reached skill level 5 in Fighting
  8710 | D:8      | Reached skill level 6 in Evocations
  8710 | D:8      | Reached XP level 9. HP: 36/81 MP: 9/9
  9079 | D:8      | Found a runed translucent gate.
  9079 | D:8      | Found a runed translucent gate.
  9079 | D:8      | Found a runed translucent gate.
  9081 | D:8      | Noticed NotreDorf's ghost (novice MfGl)
  9081 | D:8      | Noticed SnakkuSnakku7's ghost (novice DjHu)
  9299 | D:8      | Noticed Maurice
  9343 | D:8      | Killed Maurice
  9703 | D:8      | Reached skill level 5 in Armour
  9724 | D:8      | Reached skill level 5 in Dodging
 10126 | D:8      | Noticed Psyche
 10128 | D:8      | Noticed Psyche
 10128 | D:8      | Psyche changed into Psyche the worm
 10133 | D:8      | Killed Psyche the worm
 10627 | D:9      | Reached skill level 5 in Polearms
 10627 | D:9      | Reached skill level 7 in Evocations
 10747 | D:9      | Noticed a troll
 10770 | D:9      | Killed a troll
 10771 | D:9      | Reached XP level 10. HP: 41/92 MP: 10/10
 11202 | D:9      | Found a runed translucent door.
 11203 | D:9      | Noticed a cyclops
 11205 | D:9      | Found a runed translucent door.
 11205 | D:9      | Noticed a deep elf pyromancer
 11383 | D:1      | Bought the +4 buckler "Imusiudao" {Int+2} for 499 gold
                  | pieces
 11579 | D:9      | Noticed Grum
 11596 | D:9      | Killed Grum
 11828 | D:9      | Reached skill level 1 in Shields
 12295 | D:9      | Noticed Erica
 12309 | D:9      | Killed Erica
 13517 | D:9      | Noticed a kobold demonologist
 13527 | D:9      | Noticed a sun demon
 13528 | D:9      | Noticed a soul eater
 14051 | D:9      | Noticed a rust devil
 14065 | D:9      | Noticed a smoke demon
 14069 | D:9      | Killed a kobold demonologist
 14285 | D:9      | Noticed a two-headed ogre
 14322 | D:9      | Reached skill level 8 in Evocations
 14322 | D:9      | Reached XP level 11. HP: 97/100 MP: 11/11
 14334 | D:9      | Killed a two-headed ogre
 14372 | D:9      | Noticed a two-headed ogre
 14381 | D:9      | Slain by a two-headed ogre

Illustrated notes

Levels and vault maps discovered:
D:1:      nzn_arrival_water_spiral, layout_loops_ring, serial_shops, shop_statue
D:2:      layout_basic, shapermc_ecumenical_altar_mp_vishouse, bh_walls_and_bars
D:3:      layout_loops_ring
D:4:      minmay_general_purpose_star, layout_basic, minmay_temple_entry_ruins,
          chequers_serial_rivers_small_b
D:5:      layout_basic, minmay_overflow_temple_hex, zin_statuary,
          gammafunk_ghost_grave
D:6:      layout_cave_pools
D:7:      layout_cave_pools, serial_park_tiny_2, dreamdust_gnoll_farm
D:8:      layout_basic, gammafunk_ghost_cemetery,
          nicolae_concentric_dashed_squares_wild, minmay_misc_feat_ornament,
          uniq_maurice, uniq_psyche
D:9:      minmay_the_grid_triangle_9x9_rhombus_full
          [minmay_the_grid_triangle_9x9_tough_junction,
          minmay_the_grid_triangle_9x9_negative_grid,
          minmay_the_grid_triangle_9x9_swiss_cheese,
          minmay_the_grid_triangle_9x9_zippers_horizontal,
          minmay_the_grid_triangle_9x9_impossible_snake,
          minmay_the_grid_triangle_9x9_stretched_checkered,
          minmay_the_grid_triangle_9x9_from_above,
          minmay_the_grid_triangle_9x9_prize_center], layout_gridville,
          uniq_grum, uniq_erica
Temple:   regret_index_temple_waves

Skill      XL: |  1  2  3  4  5  6  7  8  9 10 11 |
---------------+----------------------------------+-----
Dodging        | 1 2 3 4 5 6 |  6.2
Armour         | 2 3 4 5 6 |  6.5
Fighting       | 2 3 4 5 6 7 |  7.5
Evocations     | 4 5 6 7 8 |  8.1
Polearms       | 2 3 5 6 |  6.5
Shields        | 2 3 |  3.1
Stealth        | |  1.5

Action                   |  1- 3 |  4- 6 |  7- 9 | 10-12 || total
-------------------------+-------+-------+-------+-------++-------
Melee: Spear             |   151 |   212 |    35 |       ||   398
       Club              |     3 |       |       |       ||     3
       Punch             |       |     5 |     3 |       ||     8
       Trident           |       |       |   377 |   350 ||   727
       Unarmed           |       |       |    12 |       ||    12
 Abil: Spit Poison       |     8 |     9 |    37 |    11 ||    65
Evoke: Wand              |       |    15 |    13 |     2 ||    30
  Use: Scroll            |     6 |     5 |     9 |     4 ||    24
       Potion            |       |     2 |     4 |     4 ||    10
 Stab: Sleeping          |     2 |       |       |       ||     2
       Distracted        |       |       |     3 |     2 ||     5
Armor: Leather armour    |     8 |       |       |       ||     8
       Ring mail         |    38 |    70 |    27 |       ||   135
       Scale mail        |       |       |   160 |    98 ||   258
Dodge: Dodged            |    69 |   165 |   223 |   138 ||   595
Block: Other             |       |    37 |    99 |     6 ||   142
       Reflection        |       |       |     2 |     9 ||    11
       Buckler           |       |       |       |   226 ||   226
